 Dungeon Crawl Stone Soup version 0.27-a0-1191-g601b473118 (webtiles) character file.

Game seed: 1418414918740436851

622 spiderkeys the Chopper (level 7, -5/63 HPs)
             Began as a Hill Orc Monk on May 24, 2021.
             Was a Believer of Beogh.
             Slain by a two-headed ogre
             ... wielding a +0 giant spiked club
              (19 damage)
             ... on level 4 of the Dungeon.
             The game lasted 00:07:15 (5629 turns).

spiderkeys the Chopper (Hill Orc Monk)              Turns: 5629, Time: 00:07:16

Health: -5/63      AC:  9    Str: 16    XL:     7   Next: 46%
Magic:  9/9        EV:  7    Int: 10    God:    Beogh [**....]
Gold:   214        SH:  8    Dex: 13    Spells: 6/6 levels left

rFire    . . .     SeeInvis +   a - +0 hand axe
rCold    . . .     Faith    .   o - +0 kite shield
rNeg     . . .     Spirit   .   q - +0 scale mail
rPois    .         Reflect  .   g - +0 helmet
rElec    .         Harm     .   (no cloak)
rCorr    .         Rampage  .   (no gloves)
Will     .....                  s - +0 pair of boots
Stlth    ..........             (no amulet)
HPRegen  0.20/turn              v - ring of see invisible
MPRegen  0.11/turn              Y - +4 ring of slaying

@: no status effects
A: no striking features
a: Renounce Religion, Smiting


You were on level 4 of the Dungeon.
You worshipped Beogh.
Beogh was pleased with you.
You visited 1 branch of the dungeon, and saw 5 of its levels.

You collected 214 gold pieces.


   Skills:
 + Level 6.0 Fighting
 + Level 6.5 Axes
 + Level 4.1 Armour
 - Level 2.4 Dodging
 - Level 1.5 Stealth
 + Level 2.5 Shields
 + Level 3.0 Invocations


You had 6 spell levels left.
You didn't know any spells.
Your spell library contained the following spells:

 Spells                   Type           Power      Damage    Failure   Level
 Animate Skeleton         Necr           0%         N/A       100%        1
 Apportation              Tloc           0%         N/A       100%        1
 Corona                   Hex            0%         N/A       100%        1
 Summon Small Mammal      Summ           0%         N/A       100%        1

Inventory:

Hand Weapons
 a - a +0 hand axe (weapon)
 b - a +0 hunting sling
   (You took it off a goblin on level 2 of the Dungeon)
Missiles
 c - 50 sling bullets
 d - 173 stones (quivered)
 f - 59 arrows
 j - 45 bolts
 l - 4 javelins
Armour
 g - a +0 helmet (worn)
   (You took it off Robin on level 3 of the Dungeon)
 o - a +0 kite shield (worn)
   (You found it on level 4 of the Dungeon)
 q - a +0 scale mail (worn)
   (You found it on level 3 of the Dungeon)
 s - a +0 pair of boots (worn)
   (You found it on level 5 of the Dungeon)
Jewellery
 v - a ring of see invisible (left hand)
   (You found it on level 1 of the Dungeon)
 Y - a +4 ring of slaying (right hand)
   (You found it on level 4 of the Dungeon)
Potions
 e - a potion of cancellation
 h - 3 potions of attraction {!q}
 i - a potion of might {unknown}
 k - a potion of brilliance
 m - a potion of curing {@q1}
 n - a potion of lignification {unknown}
 p - a potion of mutation {unknown}
 r - a potion of invisibility {unknown}
 t - a potion of magic {unknown}
 w - a potion of resistance {unknown}

Dungeon Overview and Level Annotations

Branches:
Dungeon (5/15)
 Temple: D:4-7

Altars:

Annotations:
D:4 1 runed translucent door, HendSelp's ghost, novice DrBe

###
#.......###....###
..####............###
#............###.##
######.......# #.# ##
#..>)....# #.# .#
#........# #.#
.####.......## #.#
.>.........## #.#
#####......# #@#
##### ##......##.#
#O# #...#
...##...##.#
##.####...#
#.###...##.#
#.........#
....#...#..#
#.#.###...#
#...#####.## ##.#O#
##### #...O)# #.#
#..#.# ...##.# #.#
##.##.# .#.##.# #.#
#..##.#


You could see a two-headed ogre and an ogre.


Message History

You hit the scorpion zombie.
The scorpion zombie hits you but does no damage.
You hit the scorpion zombie. You block the scorpion zombie's attack.
You barely miss the scorpion zombie. The scorpion zombie barely misses you.
The scorpion zombie hits you. 😮 HP[-6]
You take 6 damage, and now have 33/62 hp.
You slash the scorpion zombie!
You destroy the scorpion zombie!
Beogh accepts your kill.
Your Fighting skill increases to level 6! 😮 HP[+1]
You now have 63 max hp (+1).
You now have 214 gold pieces (gained 7).
Things that are here:
a +0 scythe; a +0 robe; the human corpse of Sigmund 😮 HP[+1] Key pressed, stopping explore.
Things that are here:
a +0 leather armour; a +0 flail A two-headed ogre is nearby!
A two-headed ogre is nearby!
A two-headed ogre is nearby!
A two-headed ogre is nearby!
A two-headed ogre is nearby! 😎 HP[+28]
Your hp is fully restored (63).
Throw: 7 javelins
Press: ? - help, Shift-Dir - straight line, f - two-headed ogre
Aim: a two-headed ogre, wielding a +0 giant spiked club and a +0 giant club (wandering, hasn't noticed you, 78% to hit)
You throw a javelin. The two-headed ogre shouts in stereo!
The javelin pierces through the two-headed ogre.
Throw: 6 javelins
Press: ? - help, Shift-Dir - straight line, f/p - two-headed ogre
Aim: a two-headed ogre, wielding a +0 giant spiked club and a +0 giant club (lightly wounded, 78% to hit)
You throw a javelin.
The javelin pierces through the two-headed ogre but does no damage.
Throw: 5 javelins
Press: ? - help, Shift-Dir - straight line, f/p - two-headed ogre
Aim: a two-headed ogre, wielding a +0 giant spiked club and a +0 giant club (78% to hit)
You throw a javelin.
The javelin barely misses the two-headed ogre.
Aiming: Smiting
Press: ? - help, Dir - move target, f/p - two-headed ogre Smite: a two-headed ogre, wielding a +0 giant spiked club and a +0 giant club You smite the two-headed ogre! 😎 MP[-3]
You lost 3 mp, and now have 6/9 mp.
You slash the two-headed ogre! You block the two-headed ogre's attack.
The two-headed ogre hits you with a +0 giant club! 😮 HP[-17]
You take 17 damage, and now have 46/63 hp.
MASSIVE DAMAGE!! (PAUSE)
The two-headed ogre closely misses you.
The two-headed ogre hits you with a +0 giant club. 😮 HP[-1]
You take 1 damage, and now have 45/63 hp.
You closely miss the two-headed ogre. The two-headed ogre closely misses you.
The two-headed ogre hits you with a +0 giant club! 😮 HP[-9]
You take 9 damage, and now have 36/63 hp.
You slash the two-headed ogre!
The two-headed ogre hits you with a +0 giant spiked club!!
Ouch! That really hurt!
* * * LOW HITPOINT WARNING * * *
You block the two-headed ogre's attack. 😱 HP[-33]
You take 33 damage, and now have 3/63 hp.
MASSIVE DAMAGE!! (PAUSE) 😱 HP[+1] MP[+1]
Things that are here:
a +0 leather armour; a +0 flail
Okay, then. 😱 HP[+1] 😱 MP[+1] 😱 HP[+1]
Things that are here:
a +0 scythe; a +0 robe; the human corpse of Sigmund
There is a stone staircase leading up here.
Okay, then.
You climb upwards.
Level annotation: 1 runed translucent door, HendSelp's ghost, novice DrBe
There is a stone staircase leading down here. 😱 HP[+1] 😱 MP[+1]
Your mp is fully restored (9).
The ogre shouts! 😱 HP[+1] 😱 HP[+1] 😱 HP[+1] 😱 HP[+1]
There is a stone staircase leading up here.
Okay, then.
You aren't carrying any scrolls. 😱 HP[+1] 😱 HP[+1] 😱 HP[+1]
The two-headed ogre hits you with a +0 giant spiked club!!
You die...

Skill      XL: |  1  2  3  4  5  6  7 |
---------------+----------------------+-----
Armour         | 1 2 3 4 |  4.1
Fighting       | 4 5 6 |  6.0
Axes           | 5 6 |  6.5
Shields        | 1 2 |  2.5
Invocations    | 1 2 3 |  3.0
Dodging        | |  2.4
Stealth        | |  1.5

Action                   |  1- 3 |  4- 6 |  7- 9 || total
-------------------------+-------+-------+-------++-------
Melee: Hand axe          |   127 |   205 |    28 ||   360
 Fire: Hunting sling     |       |     6 |       ||     6
Throw: Javelin           |       |       |     3 ||     3
Invok: Smiting           |       |     1 |     1 ||     2
       Convert to Beogh  |       |     1 |       ||     1
  Use: Potion            |       |     3 |       ||     3
       Scroll            |       |     5 |       ||     5
 Stab: Sleeping          |     2 |       |       ||     2
Armor: Robe              |     9 |       |       ||     9
       Ring mail         |    30 |    26 |       ||    56
       Scale mail        |       |    38 |     7 ||    45
Dodge: Dodged            |    72 |    90 |    11 ||   173
Block: Kite shield       |       |    33 |    13 ||    46

Levels and vault maps discovered:
D:1:      minmay_arrival_cross, layout_rooms, minmay_misc_feat_room
D:2:      layout_rooms, minmay_circled_x
D:3:      layout_rooms, ebering_ecumenical_altar_hall, uniq_robin
D:4:      layout_rooms, gammafunk_ghost_grave, hangedman_minor_gate_pass
D:5:      layout_rooms, tgw_kikubaaqudgha, uniq_duvessa, uniq_sigmund

Notes
Turn   | Place    | Note
-------+----------+-------------------------------------------
     0 | D:1      | spiderkeys the Hill Orc Monk began the quest for the Orb.
     0 | D:1      | Reached XP level 1. HP: 19/19 MP: 1/1
     0 | D:1      | magus.rc [v1.9.10]
   446 | D:1      | Reached XP level 2. HP: 27/27 MP: 2/2
   455 | D:1      | Reached skill level 1 in Armour
   467 | D:1      | Reached skill level 4 in Fighting
   502 | D:1      | HP: 5/27 [quokka (3)]
   835 | D:1      | Reached XP level 3. HP: 33/33 MP: 3/3
  1661 | D:2      | Reached skill level 2 in Armour
  1670 | D:2      | Reached XP level 4. HP: 19/41 MP: 4/4
  1923 | D:2      | Reached skill level 5 in Axes
  2151 | D:3      | Noticed Robin
  2525 | D:3      | Killed Robin
  2706 | D:3      | You pick up a book of Cantrips and begin reading...
  2706 | D:3      | You add the spells Corona, Animate Skeleton, Summon Small
                  | Mammal and Apportation to your library.
  2863 | D:3      | Reached XP level 5. HP: 45/47 MP: 5/5
  3395 | D:3      | Found a faded altar of an unknown god.
  3449 | D:3      | Reached skill level 5 in Fighting
  3614 | D:4      | Noticed an ogre
  3831 | D:4      | Found a runed translucent door.
  3840 | D:4      | Reached skill level 3 in Armour
  3841 | D:4      | Noticed HendSelp's ghost (novice DrBe)
  3916 | D:4      | Became a worshipper of Beogh the Brigand
  3916 | D:4      | Reached * piety under Beogh
  3916 | D:4      | Reached ** piety under Beogh
  4074 | D:4      | Noticed an ogre
  4113 | D:4      | Killed an ogre
  4114 | D:4      | Reached skill level 1 in Shields
  4114 | D:4      | Reached skill level 1 in Invocations
  4114 | D:4      | Reached XP level 6. HP: 30/56 MP: 2/6
  4710 | D:5      | Entered Level 5 of the Dungeon
  4719 | D:5      | Reached skill level 6 in Axes
  4732 | D:5      | Reached skill level 2 in Invocations
  4910 | D:5      | Noticed a two-headed ogre
  4911 | D:5      | Noticed Sigmund
  5059 | D:5      | Reached skill level 2 in Shields
  5059 | D:5      | Reached XP level 7. HP: 39/62 MP: 8/8
  5396 | D:5      | Killed Sigmund
  5397 | D:5      | Reached skill level 4 in Armour
  5397 | D:5      | Reached skill level 3 in Invocations
  5409 | D:5      | Reached skill level 6 in Fighting
  5574 | D:5      | HP: 3/63 [two-headed ogre/+0 giant spiked club (33)]
  5629 | D:4      | Slain by a two-headed ogre

Vanquished Creatures
  Sigmund (D:5)
  An ogre (D:4)
  A scorpion (D:4)
  A bullfrog zombie (D:5)
  A jelly (D:5)
  An orc priest (D:5)
  A scorpion zombie (D:5)
  Robin (D:3)
  A howler monkey skeleton (D:4)
  7 adders
  6 worms
  2 dart slugs (D:4)
  6 orcs
  8 ball pythons
  5 bats
  9 endoplasms
  2 giant cockroaches
  19 goblins
  6 hobgoblins
  9 jackals
  6 kobolds
  2 quokkas
  4 frilled lizards
  5 rats
105 creatures vanquished.

Vanquished Creatures (others)
  An orc priest (D:4)
  3 orcs (D:4)
  A goblin (D:4)
5 creatures vanquished.

Grand Total: 110 creatures vanquished

Table legend:
 A = Non-vault XP
 B = Vault XP
 C = Vault XP percentage of total XP
 D = Non-vault monster count
 E = Vault monster count
 F = Vault count percentage of total count
                 A         B        C        D         E       F
            +---------+---------+-------+---------+---------+-------
      Total |     492 |     397 |  44.7 |      83 |      22 |  21.0
            +---------+---------+-------+---------+---------+-------
        D:1 |      46 |       0 |   0.0 |      28 |       0 |   0.0
        D:2 |      49 |      21 |  30.0 |      14 |       6 |  30.0
        D:3 |      48 |      32 |  40.0 |      12 |      11 |  47.8
        D:4 |     157 |     121 |  43.5 |      20 |       4 |  16.7
        D:5 |     192 |     223 |  53.7 |       9 |       1 |  10.0
            +---------+---------+-------+---------+---------+-------

Illustrated notes

Table legend:
 A = Kills in this place as a percentage of kills in entire the game.
 B = Kills by you in this place as a percentage of kills by you in the entire game.
 C = Kills by friends in this place as a percentage of kills by friends in the entire game.
 D = Other kills in this place as a percentage of other kills in the entire game.
 E = Experience gained in this place as a percentage of experience gained in the entire game.
 F = Experience gained in this place divided by the number of levels of this place that you have seen.
                   A       B       C       D       E      F
               +-------+-------+-------+-------+-------+----------------------
         Total | 100.0 | 100.0 |   N/A |   N/A | 100.0 | 177.8
       Dungeon | 100.0 | 100.0 |   N/A |   N/A | 100.0 | 177.8
               +-------+-------+-------+-------+-------+----------------------

Table legend: (Time is in decaauts)
 A = Elapsed time spent in this place.
 B = Non-inter-level travel time spent in this place.
 C = Inter-level travel time spent in this place.
 D = Time resting spent in this place.
 E = Time spent auto-exploring this place.
 F = Levels seen in this place.
 G = Mean time per level.
                   A        B        C        D        E       F      G
               +--------+--------+--------+--------+--------+-----+--------+
         Total |   5676 |   5539 |    137 |    670 |   3885 |   5 | 1135.2 |
       Dungeon |   5676 |   5539 |    137 |    670 |   3885 |   5 | 1135.2 |
               +--------+--------+--------+--------+--------+-----+--------+

Top non-repeatable levels by time:
     D:1: 1260 daAuts
     D:4: 1246 daAuts
     D:2: 1223 daAuts
     D:3: 1155 daAuts
     D:5: 789 daAuts
